 Dungeon Crawl Stone Soup version 0.19.5 (webtiles) character file.

263 ghjk the Chopper (level 5, 0/47 HPs)
             Began as a Minotaur Fighter on Apr 30, 2017.
             Succumbed to Sigmund's poison
             ... on level 2 of the Dungeon.
             The game lasted 00:01:48 (868 turns).

ghjk the Chopper (Minotaur Fighter)                  Turns: 868, Time: 00:01:48

Health: 0/47       AC:  7    Str: 26 (27) XL:     5   Next: 98%
Magic:  4/4        EV:  8    Int:  5      God:
Gold:   55         SH:  9    Dex:  9      Spells: 0 memorised, 4 levels left

rFire  . . .     SeeInvis .     a - +0 war axe
rCold  . . .     Gourm    .     b - +0 scale mail
rNeg   . . .     Faith    .     c - +0 shield
rPois  .         Spirit   .     (helmet restricted)
rElec  .         Reflect  .     (no cloak)
rCorr  .         Harm     .     (no gloves)
MR     .....                    (no boots)
Stlth  ..........               (no amulet)
                                (no ring)
                                (no ring)

@: mighty, lethally poisoned (0 -> -4), very slightly contaminated, invisible
A: retaliatory headbutt, horns 2
a: no special abilities


You were on level 2 of the Dungeon.
You were not hungry.

You visited 1 branch of the dungeon, and saw 2 of its levels.

You collected 55 gold pieces.

Inventory:

Hand Weapons
 a - a +0 war axe (weapon)
Armour
 b - a +0 scale mail (worn)
 c - a +0 shield (worn)
Scrolls
 e - a scroll of remove curse {unknown}
 j - a scroll of blinking {unknown}
 k - a scroll of teleportation {unknown}
 m - a scroll of fear {unknown}
 n - a scroll of identify {unknown}
 o - a scroll of enchant weapon {unknown}
Potions
 d - 2 potions of might
Comestibles
 f - 3 bread rations
 g - 2 fruits


   Skills:
 + Level 4.6 Fighting
 * Level 5.7 Axes
 + Level 5.1 Armour
 + Level 1.2 Dodging
 - Level 3.6 Shields


You had 4 spell levels left.
You didn't know any spells.

Dungeon Overview and Level Annotations

Branches:
Dungeon (2/15)

Altars:


Innate Abilities, Weirdness & Mutations

You reflexively headbutt those who attack you in melee.
You have a pair of horns on your head.


Message History

You block Sigmund's attack.
You are very lightly contaminated with residual magic.
Okay, then.
Drop what? 12/52 slots (_ for help) (? for menu, Esc to quit)
Okay, then.
You feel very mighty all of a sudden.
* * * LOW HITPOINT WARNING * * *
You feel sick. Sigmund barely misses you.
You hit Sigmund.
You kill Sigmund!
You feel your strength returning.
You feel your intelligence returning.
You feel your dexterity returning.
Your Axes skill increases to level 5!
Your Armour skill increases to level 5!
Your Dodging skill increases to level 1!
You have reached level 5!
There is a lethal amount of poison in your body!
There is a lethal amount of poison in your body!
Okay, then.
Okay, then.
You die...

.#......#..........# ###
.##....##...##.######...
.)#....#....##.### ....
#........#.......##...
.##..............#..#
.................#..####
.##.....................
.#..#.#.................
......#........#@.##....
...#...........#..# ##.
#####.#............. #
#.#.........#.### #
#.#...........#
#####.#........# .#
.......###.#...##?.
#####..##..........
#...#.......#


There were no monsters in sight!

Vanquished Creatures
  Sigmund (D:2)
  Natasha (thrice) (D:2)
  An ooze (D:1)
  A worm (D:2)
  A dart slug (D:1)
  6 goblins
  2 hobgoblins (D:1)
  4 kobolds
  A quokka (D:2)
  2 bats
  A frilled lizard (D:2)
  9 rats
32 creatures vanquished.

Notes
Turn   | Place    | Note
-------+----------+-------------------------------------------
     0 | D:1      | ghjk the Minotaur Fighter began the quest for the Orb.
     0 | D:1      | Reached XP level 1. HP: 19/19 MP: 0/0
    99 | D:1      | Reached XP level 2. HP: 25/27 MP: 1/1
   597 | D:2      | Reached XP level 3. HP: 26/33 MP: 2/2
   664 | D:2      | Noticed Natasha
   667 | D:2      | Killed Natasha
   674 | D:2      | Noticed Natasha
   680 | D:2      | Killed Natasha
   680 | D:2      | Reached XP level 4. HP: 41/41 MP: 3/3
   762 | D:2      | Noticed Natasha
   771 | D:2      | Killed Natasha
   855 | D:2      | Noticed Sigmund
   862 | D:2      | Gained mutation: Your natural rate of healing is unusually fast. [potion of beneficial mutation]
   863 | D:2      | Lost mutation: Your natural rate of healing is unusually fast. [potion of cure mutation]
   864 | D:2      | HP: 1/41 [Sigmund/puff of flame (9)]
   867 | D:2      | Killed Sigmund
   867 | D:2      | Reached skill level 5 in Axes
   867 | D:2      | Reached skill level 5 in Armour
   867 | D:2      | Reached skill level 1 in Dodging
   867 | D:2      | Reached XP level 5. HP: 1/47 MP: 4/4
   868 | D:2      | Succumbed to Sigmund's poison

Skill      XL: |  1  2  3  4 |
---------------+-------------+-----
Armour         | 4 5 |  5.1
Fighting       | 4 |  4.6
Axes           | 3 5 |  5.7
Dodging        | 1 |  1.2
Shields        | |  3.6

Action                   |  1- 3 |  4- 6 || total
-------------------------+-------+-------++-------
Melee: War axe           |    49 |    22 ||    71
       Headbutt          |     5 |     4 ||     9
  Use: Potion            |       |     5 ||     5
Armor: Scale mail        |    29 |     4 ||    33
Dodge: Dodged            |    26 |     7 ||    33
Block: Shield            |    27 |    11 ||    38
